 Dungeon Crawl Stone Soup version 0.25-a0-855-g681bda5bb4 (webtiles) character file.

Game seed: 14796735800626357921, levelgen mode: deterministic

146613 KiliKikkendorf the Fencer (level 16, -19/244 HPs)
             Began as a Minotaur Gladiator on Apr 25, 2020.
             Was the Champion of Qazlal.
             Demolished by KiliKikkendorf's illusion (illusionary) (31 damage)
             ... woven by Mara
             ... while paralysed by a hornet
             ... on level 3 of the Swamp on Apr 26, 2020.
             The game lasted 02:40:07 (27963 turns).

KiliKikkendorf the Fencer (Minotaur Gladiator)     Turns: 27963, Time: 02:40:12

Health: -19/244    AC: 26    Str: 32    XL:     16   Next: 90%
Magic:  17/17      EV:  2    Int:  5    God:    Qazlal [******]
Gold:   1386       SH:  0    Dex: 14    Spells: 11/15 levels left

rFire    + + +     SeeInvis .   j - +9 double sword of Trauma {flame, Stlth+}
rCold    . . .     Gourm    .   X - +0 kite shield {rPois}
rNeg     . . .     Faith    .   A - +1 fire dragon scales
rPois    +         Spirit   .   c - +2 hat
rElec    .         Reflect  .   V - +2 cloak {rC+}
rCorr    .         Harm     .   k - +2 pair of gloves {Str+3}
MR       ++...                  (no boots)
Stlth    ..........             (no amulet)
HPRegen  0.50/turn              D - ring of poison resistance
MPRegen  0.15/turn              v - ring of Temptation {rF+ MR+ Str+3}

@: paralysed, berserking, protected from physical damage, very slightly
contaminated, hasted, studying Ice Magic, repel missiles
A: retaliatory headbutt, horns 2, talons 2, thin skeletal structure 1, robust 1
a: Upheaval, Elemental Force, Disaster Area, Renounce Religion


You were on level 3 of the Swamp.
You worshipped Qazlal.
Qazlal was exalted by your worship.
You were not hungry.

You visited 5 branches of the dungeon, and saw 27 of its levels.
You also visited: Ice Cave.

You collected 3205 gold pieces.
You spent 1819 gold pieces at shops.

Inventory:

Hand Weapons
 j - the +9 double sword of Trauma (weapon) {flame, Stlth+}
   (You bought it in a shop on level 12 of the Dungeon)

   It has been specially enchanted to burn those struck by it, causing extra
   injury to most foes and up to half again as much damage against particularly
   susceptible opponents.
   Big, fiery blades are also staple armaments of hydra-hunters.
   It makes you more stealthy.
 x - a +0 vorpal great sword
 O - a +3 long sword of holy wrath
Missiles
 d - 8 throwing nets
 i - 38 poisoned darts
 s - 9 atropa-tipped darts (quivered)
Armour
 a - +0 acid dragon scales
 c - a +2 hat (worn)
 k - a +2 pair of gloves of strength (worn)
 z - a +0 pair of boots
 A - +1 fire dragon scales (worn)
 N - a +0 buckler of cold resistance
 Q - a +1 pair of boots of stealth
 V - a +2 cloak of cold resistance (worn)
 X - a +0 kite shield of poison resistance (worn)
Jewellery
 n - an uncursed ring of wizardry
 o - a +2 ring of strength
 t - an uncursed ring of resist corrosion
 v - the ring of Temptation (right hand) {rF+ MR+ Str+3}
   (You found it on level 6 of the Dungeon)

   [ring of strength]

   It affects your strength (+3).
   It protects you from fire.
   It affects your resistance to hostile enchantments.
 y - an uncursed amulet of rage
 C - the ring "Itowe" {rF+ rN+ Int+3}
   (You found it on level 9 of the Dungeon)

   [ring of positive energy]

   It affects your intelligence (+3).
   It protects you from fire.
   It protects you from negative energy.
 D - a ring of poison resistance (left hand)
 H - an uncursed ring of protection from magic
 J - an uncursed ring of stealth
 S - an uncursed ring of ice
 W - an uncursed amulet of harm
Wands
 h - a wand of paralysis (32)
 p - a wand of acid (2)
 B - a wand of digging (6)
 G - a wand of disintegration (12)
 K - a wand of iceblast (27)
 L - a wand of flame (38)
 R - a wand of enslavement (20)
Scrolls
 g - 8 scrolls of remove curse
 q - 4 scrolls of fear
 u - 5 scrolls of fog
 P - a scroll of enchant weapon
Potions
 l - 3 potions of cancellation
 m - 3 potions of flight
 r - 3 potions of curing
 w - 3 potions of brilliance
 E - 2 potions of haste
 I - a potion of berserk rage
Books
 T - a manual of Ice Magic
 U - a manual of Ice Magic
Comestibles
 f - 40 rations


   Skills:
 + Level 15.0 Fighting
   Level 3.0(12.5) Short Blades
 + Level 19.3(19.4) Long Blades
 - Level 2.1 Throwing
 + Level 15.2 Armour
 - Level 5.6 Dodging
 * Level 13.2 Shields
 + Level 12.2 Unarmed Combat
 * Level 7.3 Ice Magic
 + Level 3.7 Invocations
 + Level 0.8 Evocations


You had 11 spell levels left.
You knew the following spells:

 Your Spells              Type           Power        Failure   Level  Hunger
a - Freeze                Ice            #...         6%          1    ##.....
b - Frozen Ramparts       Ice            #.....       19%         3    ####...

Your spell library contained the following spells:

 Spells                   Type           Power        Failure   Level  Hunger
 Ozocubu's Armour         Chrm/Ice       #.......     63%         3    ####...
 Animate Skeleton         Necr           N/A          77%         1    ##.....
 Apportation              Tloc           #.....       77%         1    ##.....
 Corona                   Hex            #......      77%         1    ##.....
 Infusion                 Chrm           #...         77%         1    ##.....
 Summon Small Mammal      Summ           #...         77%         1    ##.....
 Shroud of Golubria       Chrm/Tloc      #.....       88%         2    ###....
 Song of Slaying          Chrm           #.......     88%         2    ###....
 Hailstorm                Conj/Ice       #.......     95%         4    #####..
 Summon Ice Beast         Ice/Summ       #.......     95%         4    #####..
 Spectral Weapon          Hex/Chrm       #.......     98%         3    ####...
 Teleport Other           Tloc           #.......     98%         3    ####...
 Iskenderun's Mystic Bla  Conj/Tloc      #.......     100%        4    #####..
 Dispersal                Tloc           #.........   100%        6    #######


Dungeon Overview and Level Annotations

Branches:
Dungeon (15/15)            Temple (1/1) D:7            Lair (6/6) D:9
  Swamp (3/4) Lair:4        Snake (0/4) Lair:4        Slime (0/5) Lair:6
    Orc (2/2) D:10            Elf (0/3) Orc:2        Vaults (0/5) D:14
 Depths (0/5) D:15          IceCv (visited)

Altars:
Ashenzari
Cheibriados
Dithmenos
Elyvilon
Fedhas
Gozag
Hepliaklqana
Kikubaaqudgha
Makhleb
Nemelex Xobeh
Okawaru
Qazlal
Ru
Sif Muna
Trog
Uskayaw
Vehumet
Wu Jian
Xom
Yredelemnul
Zin
The Shining One
Beogh

Shops:
D:12 (   D:15 :   Orc:1 **:}(   Orc:2 (%%?

Annotations:
Lair:5 exclusion: 2 oklob plants
Swamp:3 exclusion: Roxanne, Mara, Roxanne


Innate Abilities, Weirdness & Mutations

You reflexively headbutt those who attack you in melee.
You have a pair of horns on your head.
You have razor-sharp toenails.
You have a somewhat thin skeletal structure. (Dex +2, Stealth)
You are robust. (+10% HP)


Message History

You block KiliKikkendorf's illusion's attack.
Your fire dragon scales prevents you from hitting KiliKikkendorf's illusion.
You claw KiliKikkendorf's illusion, but do no damage.
You headbutt KiliKikkendorf's illusion, but do no damage.
KiliKikkendorf's illusion is moderately wounded.
The hornet stings you!
* * * LOW HITPOINT WARNING * * *
You suddenly lose the ability to move!
A tree reaches out and hits you.
* * * LOW HITPOINT WARNING * * *
KiliKikkendorf's illusion hits you but does no damage.
The hornet completely misses you.
KiliKikkendorf's illusion hits you but does no damage.
A tree reaches out and hits you!
* * * LOW HITPOINT WARNING * * *
The hornet stings you but does no damage.
Mara says, "Entranced by some poetic flight, are you?"
Mara gestures at you.
You easily resist.
KiliKikkendorf's illusion hits you!!
You die...

♣♣ ♣♣♣♣♣♣♣♣♣
.♣♣♣.♣♣..♣.♣♣§♣♣
.≈≈...≈..≈§^FiR♣♣
≈.....≈...≈≈§i@@♣
..≈.≈§.≈..≈≈i§♣y♣♣
...≈....≈.≈.≈.♣♣♣
...≈.≈..≈♣....♣
.... ♣≈ii.≈.♣♣ .
#..♣♣♣i≈≈≈.♣♣
..##..♣≈..≈y≈.♣
.......♣".≈♣.♣♣
..#..≈.≈≈♣♣♣♣


You could see Mara, a spriggan druid, a hornet, a spriggan and KiliKikkendorf's
illusion.

Vanquished Creatures
  A tentacled monstrosity (Swamp:2)
  Kirke (Lair:6)
  3 thorn hunters
  Donald (Swamp:2)
  The ghost of feamirim the Severer, a journeyman DrFi of Okawaru (Swamp:1)
  Louise (Swamp:2)
  Nessos (Lair:5)
  Snorg (Lair:6)
  2 fire dragons
  4 shambling mangroves
  An ice dragon (D:15)
  20 hydras
  An alligator (Lair:4)
  3 catoblepae
  4 centaur warriors
  An ogre mage (D:15)
  12 two-headed ogres
  2 tengu warriors
  8 orc high priests (Orc:2)
  12 death yaks
  2 unseen horrors
  A spriggan druid (Swamp:3)
  A wizard (D:15)
  3 swamp dragons (Swamp:1)
  An orc knight (D:14)
  A necromancer (IceCv)
  4 lindwurms
  5 ugly things
  A wolf spider zombie (D:15)
  3 deep elf magi
  4 cyclopes
  2 manticores (Lair:6)
  3 centaur zombies
  An ice statue (IceCv)
  3 black mambas
  11 elephants
  16 spiny frogs
  Psyche (D:12)
  7 centaur skeletons
  3 gargoyles
  11 torpor snails
  5 yaktaurs (D:14)
  5 kobold demonologists
  6 rime drakes
  An efreet (D:12)
  4 red devils (D:12)
  6 komodo dragons
  10 freezing wraiths (IceCv)
  A queen bee (Lair:6)
  4 trolls
  2 tengu conjurers (D:14)
  16 hornets
  11 tyrant leeches
  A polar bear (Lair:6)
  3 meliai (Lair:6)
  7 hippogriffs
  A bog body (Swamp:1)
  3 dream sheep
  14 blink frogs
  A dream sheep (shapeshifter) (D:13)
  14 slime creatures
  2 shadows (Swamp:2)
  4 spriggans
  58 yaks
  4 wyverns
  2 vampires
  6 basilisks
  4 hogs (Lair:5)
  Menkaure (D:7)
  12 vampire mosquitoes
  A death yak simulacrum (IceCv)
  A warg (shapeshifter) (D:15)
  9 wargs
  16 insubstantial wisps
  A soldier ant (D:13)
  5 nagas (Lair:4)
  10 swamp worms
  5 acid dragons
  18 water moccasins
  6 swamp drakes
  A hornet zombie (D:13)
  12 orc warriors
  8 ice beasts
  6 porcupines
  2 eyes of draining
  16 ogres
  4 sky beasts
  A necrophage (D:8)
  4 phantoms
  5 wolves (Lair:2)
  15 centaurs
  8 crocodiles
  11 bullfrogs
  5 big kobolds
  A wyvern zombie (D:14)
  A gnoll sergeant (Orc:2)
  A wyvern skeleton (D:11)
  A scorpion (D:13)
  21 killer bees
  An elephant simulacrum (IceCv)
  An electric eel (Lair:4)
  5 wights
  3 howler monkeys
  6 crimson imps
  A bullfrog zombie (D:8)
  3 draconian simulacra (IceCv)
  2 quasits
  9 hounds
  A jelly (D:12)
  34 orc priests
  20 orc wizards
  4 bullfrog skeletons
  3 iguanas
  3 iron imps (D:8)
  A hell rat (Lair:5)
  6 troll simulacra (IceCv)
  15 worker ants
  2 spriggan simulacra (IceCv)
  A polar bear simulacrum (IceCv)
  A wolf simulacrum (IceCv)
  2 centaur simulacra (IceCv)
  A hound zombie (D:11)
  A worker ant zombie (D:9)
  8 gnolls
  4 naga simulacra (IceCv)
  16 adders
  3 ogre simulacra (IceCv)
  8 shadow imps
  12 white imps (IceCv)
  An adder zombie (D:7)
  2 oozes
  A worm (D:1)
  A dart slug (D:3)
  5 leopard geckos
  72 orcs
  A ball python (D:2)
  8 bats
  4 giant cockroaches
  8 hobgoblins
  10 jackals
  9 quokkas
  4 frilled lizards
  7 goblins
  23 kobolds
  A quokka zombie (D:5)
  7 rats
  A briar patch (Swamp:2)
  A butterfly (Lair:4)
  A fungus (Lair:2)
  2 plants (Lair:6)
913 creatures vanquished.

Vanquished Creatures (others)
  A bog body (Swamp:1)
  A spriggan (Swamp:3)
  A human (Lair:6)
  A killer bee (Lair:6)
  3 briar patches (Swamp:2)
  13 fungi
  13 plants
33 creatures vanquished.

Grand Total: 946 creatures vanquished

Notes
Turn   | Place    | Note
-------+----------+-------------------------------------------
     0 | D:1      | KiliKikkendorf the Minotaur Gladiator began the quest for
                  | the Orb.
     0 | D:1      | Reached XP level 1. HP: 18/18 MP: 0/0
   424 | D:1      | Reached XP level 2. HP: 25/25 MP: 1/1
   924 | D:2      | Reached skill level 4 in Long Blades
   938 | D:1      | Reached XP level 3. HP: 15/30 MP: 2/2
  1215 | D:2      | Reached skill level 1 in Armour
  1704 | D:2      | Reached XP level 4. HP: 37/37 MP: 3/3
  2144 | D:3      | Found a sacrificial altar of Ru.
  2233 | D:3      | Found a bloodstained altar of Trog.
  2279 | D:3      | Reached skill level 5 in Long Blades
  2484 | D:3      | Found a hide-covered altar of Uskayaw.
  2622 | D:3      | Reached XP level 5. HP: 45/45 MP: 4/4
  2630 | D:3      | Found a white marble altar of Elyvilon.
  2740 | D:4      | Found a snail-covered altar of Cheibriados.
  2747 | D:4      | Noticed a phantom
  2755 | D:4      | Killed a phantom
  2755 | D:4      | Reached skill level 6 in Long Blades
  2790 | D:4      | Noticed an ogre
  2817 | D:3      | Reached XP level 6. HP: 42/51 MP: 5/5
  3069 | D:4      | Reached XP level 7. HP: 24/58 MP: 6/6
  3402 | D:4      | Reached skill level 7 in Long Blades
  3645 | D:5      | Entered Level 5 of the Dungeon
  3654 | D:5      | Reached skill level 5 in Armour
  3787 | D:5      | Reached skill level 1 in Unarmed Combat
  3809 | D:5      | Reached skill level 5 in Dodging
  3832 | D:5      | Reached skill level 8 in Long Blades
  4031 | D:5      | Reached XP level 8. HP: 58/67 MP: 7/7
  4140 | D:5      | Found an iron altar of Okawaru.
  4673 | D:6      | Gained mutation: You have sharp toenails. [potion of
                  | mutation]
  4673 | D:6      | Gained mutation: You have a somewhat thin skeletal
                  | structure. (Dex +2, Stealth) [potion of mutation]
  4673 | D:6      | Gained mutation: You have razor-sharp toenails. [potion of
                  | mutation]
  4673 | D:6      | Gained mutation: You are robust. (+10% HP) [potion of
                  | mutation]
  4803 | D:6      | Reached skill level 9 in Long Blades
  5003 | D:6      | Got a crude ivory ring
  5016 | D:6      | Identified the ring of Temptation {rF+ MR+ Str+3} (You
                  | found it on level 6 of the Dungeon)
  5066 | D:6      | Reached skill level 5 in Fighting
  5192 | D:7      | Noticed Menkaure
  5196 | D:7      | Killed Menkaure
  5203 | D:7      | Reached skill level 10 in Long Blades
  5228 | D:7      | Found a white marble altar of Elyvilon.
  5259 | D:7      | Found an opulent altar of Gozag.
  5259 | D:7      | Found a sparkling altar of Nemelex Xobeh.
  5330 | D:7      | Reached XP level 9. HP: 67/82 MP: 8/8
  5642 | D:7      | Found a staircase to the Ecumenical Temple.
  5949 | Temple   | Entered the Ecumenical Temple
  6160 | Temple   | Became a worshipper of Qazlal Stormbringer
  6329 | D:8      | Noticed a two-headed ogre
  6363 | D:8      | Killed a two-headed ogre
  6363 | D:8      | Reached skill level 11 in Long Blades
  6363 | D:8      | Reached skill level 5 in Unarmed Combat
  6456 | D:8      | Found a burning altar of Makhleb.
  6731 | D:9      | Reached * piety under Qazlal
  6822 | D:9      | Reached XP level 10. HP: 51/94 MP: 9/9
  6969 | D:9      | Identified the cursed +0 leather armour "Yphodacu" {Dex+9}
  7121 | D:9      | Found a staircase to the Lair.
  7223 | D:9      | Got a steaming steel ring
  7224 | D:9      | Identified the ring "Itowe" {rF+ rN+ Int+3} (You found it
                  | on level 9 of the Dungeon)
  7259 | D:9      | Reached ** piety under Qazlal
  7358 | D:9      | Reached skill level 12 in Long Blades
  7389 | D:9      | Noticed a gargoyle
  7403 | D:9      | Killed a gargoyle
  7552 | D:10     | Entered Level 10 of the Dungeon
  7552 | D:10     | Found a staircase to the Orcish Mines.
  7965 | D:10     | Found a shimmering blue altar of Sif Muna.
  8449 | Lair:1   | Entered Level 1 of the Lair of Beasts
  8754 | Lair:1   | Noticed a spiny frog
  8757 | Lair:1   | Killed a spiny frog
  8757 | Lair:1   | Reached XP level 11. HP: 101/104 MP: 10/10
  8771 | Lair:1   | Reached skill level 13 in Long Blades
  8944 | Lair:1   | Reached skill level 10 in Armour
  9373 | Lair:2   | Noticed a five-headed hydra
  9551 | Lair:2   | Reached *** piety under Qazlal
  9750 | Lair:2   | Noticed a death yak
  9759 | Lair:2   | Killed a death yak
  9887 | Lair:2   | Noticed a five-headed hydra
  9904 | Lair:2   | Killed a five-headed hydra
  9904 | Lair:2   | Reached skill level 14 in Long Blades
  9946 | Lair:2   | Killed a five-headed hydra
  9951 | Lair:2   | Reached skill level 1 in Short Blades
 10671 | Lair:3   | Noticed an eight-headed hydra
 10677 | Lair:3   | Killed an eight-headed hydra
 10677 | Lair:3   | Reached XP level 12. HP: 69/115 MP: 11/11
 10749 | Lair:3   | Noticed a death yak
 10751 | Lair:3   | Noticed a death yak
 10751 | Lair:3   | Noticed a death yak
 10751 | Lair:3   | Noticed a death yak
 10754 | Lair:3   | Killed a death yak
 10754 | Lair:3   | Reached skill level 1 in Invocations
 10762 | Lair:3   | Killed a death yak
 11170 | Lair:3   | Killed a death yak
 11173 | Lair:3   | Killed a death yak
 11362 | Lair:3   | Reached skill level 10 in Fighting
 11467 | Lair:3   | Found a bloodstained altar of Trog.
 11526 | Lair:3   | Noticed a six-headed hydra
 11541 | Lair:3   | Killed a six-headed hydra
 11541 | Lair:3   | Reached skill level 15 in Long Blades
 11542 | Lair:3   | Reached skill level 10 in Unarmed Combat
 12590 | Lair:4   | Noticed a catoblepas
 12618 | Lair:4   | Killed a catoblepas
 12618 | Lair:4   | Reached XP level 13. HP: 117/126 MP: 12/12
 12629 | Lair:4   | Reached **** piety under Qazlal
 12775 | Lair:4   | Found a staircase to the Swamp.
 12899 | Lair:4   | Found a staircase to the Snake Pit.
 13141 | Lair:5   | Reached skill level 16 in Long Blades
 13808 | Lair:5   | Found a snail-covered altar of Cheibriados.
 14255 | Lair:6   | Entered Level 6 of the Lair of Beasts
 14328 | Lair:6   | Noticed Kirke
 14328 | Lair:6   | Noticed Nessos
 14407 | Lair:5   | Killed Nessos
 14680 | Lair:6   | Killed Kirke
 14913 | Lair:6   | Noticed Snorg
 14939 | Lair:6   | Killed Snorg
 15536 | Lair:6   | Found a runed translucent door.
 15537 | Lair:6   | Noticed a fire dragon
 15555 | Lair:6   | Killed a fire dragon
 15622 | Lair:6   | Paralysed by a hornet for 2 turns
 15955 | Lair:6   | Found a staircase to the Slime Pits.
 15963 | Lair:6   | Reached XP level 14. HP: 137/137 MP: 15/15
 15996 | Lair:6   | Reached skill level 17 in Long Blades
 16240 | Lair:6   | Upgraded the game from 0.25-a0-842-g81a31cfd23 to
                  | 0.25-a0-855-g681bda5bb4
 16812 | Lair:6   | Identified the Catalogue of Dislocation and Augmentations
 17119 | Lair:6   | Got a faintly glowing halberd
 17120 | Lair:6   | Identified the +5 halberd of Expedience {flame, Stlth+}
                  | (You found it on level 6 of the Lair of Beasts)
 18282 | D:11     | Found a frozen archway.
 18307 | IceCv    | Entered an ice cave
 18425 | IceCv    | Reached skill level 18 in Long Blades
 18425 | IceCv    | Reached skill level 1 in Shields
 18833 | IceCv    | Reached ***** piety under Qazlal
 18934 | IceCv    | Found an ancient bone altar of Kikubaaqudgha.
 19124 | D:11     | Learned a level 1 spell: Freeze
 19384 | D:12     | Found Lagurph's Antique Weapon Emporium.
 19400 | D:12     | Bought a crude double sword for 600 gold pieces
 19401 | D:12     | Identified the +9 double sword of Trauma {flame, Stlth+}
                  | (You bought it in a shop on level 12 of the Dungeon)
 19420 | D:12     | Noticed Psyche
 19423 | D:12     | Killed Psyche
 19641 | D:12     | Reached skill level 1 in Ice Magic
 20172 | D:12     | Reached XP level 15. HP: 140/148 MP: 14/16
 20178 | D:12     | Reached skill level 5 in Shields
 20788 | D:13     | Reached ****** piety under Qazlal
 22006 | D:14     | Learned a level 3 spell: Frozen Ramparts
 22223 | D:14     | Found a gate to the Vaults.
 22569 | D:15     | Entered Level 15 of the Dungeon
 22728 | D:15     | Reached skill level 15 in Armour
 22873 | D:15     | Found Zuuhoc's Book Shop.
 23069 | D:15     | Reached skill level 5 in Ice Magic
 23395 | D:15     | Found a staircase to the Depths.
 23723 | Orc:1    | Entered Level 1 of the Orcish Mines
 23729 | Orc:1    | Found a burning altar of Makhleb.
 23801 | Orc:1    | Found Apteptow's Antique Weapon Emporium.
 23806 | Orc:1    | Found Hop Jom's Gadget Boutique.
 23975 | Orc:2    | Entered Level 2 of the Orcish Mines
 24124 | Orc:2    | Found a staircase to the Elven Halls.
 24360 | Orc:2    | Reached skill level 10 in Shields
 24495 | Orc:1    | Found Pach's Assorted Antiques.
 24743 | Orc:1    | Bought a scroll of identify for 58 gold pieces
 24855 | Orc:1    | Found Vatweahy's Assorted Antiques.
 24856 | Orc:1    | Found Macooh's Book Boutique.
 25009 | Orc:2    | Reached XP level 16. HP: 160/160 MP: 17/17
 25269 | Orc:2    | Found a roughly hewn altar of Beogh.
 25324 | Orc:2    | Found Nadghupo's Food Emporium.
 25324 | Orc:2    | Found Roes's Magic Scroll Shop.
 25329 | Orc:2    | Bought a ration for 50 gold pieces
 25329 | Orc:2    | Bought a ration for 50 gold pieces
 25329 | Orc:2    | Bought a ration for 50 gold pieces
 25338 | Orc:2    | Bought a scroll of enchant armour for 127 gold pieces
 25338 | Orc:2    | Bought a scroll of acquirement for 884 gold pieces
 25370 | Orc:2    | Found a roughly hewn altar of Beogh.
 25471 | Orc:2    | Found Caaqimeno's Weapon Emporium.
 25471 | Orc:2    | Found Vuete's Food Shop.
 25810 | Swamp:1  | Entered Level 1 of the Swamp
 25884 | Swamp:1  | Noticed a thorn hunter
 25892 | Swamp:1  | Killed a thorn hunter
 26171 | Swamp:1  | Reached skill level 19 in Long Blades
 26303 | Swamp:1  | Found a transporter.
 26306 | Swamp:1  | Noticed feamirim's ghost (journeyman DrFi)
 26346 | Swamp:1  | Found a transporter.
 26719 | Swamp:1  | Killed feamirim's ghost
 26804 | Swamp:2  | Noticed a thorn hunter
 26816 | Swamp:2  | Killed a thorn hunter
 26974 | Swamp:2  | Noticed Louise
 26974 | Swamp:2  | Noticed a tentacled monstrosity
 26986 | Swamp:2  | Killed a tentacled monstrosity
 27005 | Swamp:2  | Killed Louise
 27009 | Swamp:2  | Noticed Donald
 27016 | Swamp:2  | Killed Donald
 27035 | Swamp:2  | Noticed a thorn hunter
 27750 | Swamp:2  | Killed a thorn hunter
 27892 | Swamp:2  | You fall into a shaft and drop 1 floor!
 27893 | Swamp:3  | Identified Roxanne's Compendium of the Manifold Mice
 27893 | Swamp:3  | Noticed Roxanne
 27925 | Swamp:3  | Reached skill level 15 in Fighting
 27928 | Swamp:3  | Noticed Mara
 27928 | Swamp:3  | Identified the cursed +0 mace of Triumph {flame, rF+ rC+
                  | rN+ Int+4}
 27928 | Swamp:3  | Identified the cursed +1 hunting sling of Kasulyf {flame,
                  | rF+ MR+ Dex+7 Stlth-}
 27933 | Swamp:3  | Noticed KiliKikkendorf's illusion
 27961 | Swamp:3  | Paralysed by a hornet for 3 turns
 27963 | Swamp:3  | HP: 12/244 [spriggan druid/angry trees (10)]
 27963 | Swamp:3  | Demolished by KiliKikkendorf's illusion (illusionary)

Levels and vault maps discovered:
D:1:      dpeg_arrival_water_temple_mockup, layout_loops_corners
D:2:      layout_loops_ring
D:3:      layout_basic, nicolae_overflow_hidden_temple, marbit_many_paths,
          overflow_temple_1_default, overflow_temple_1_default
D:4:      layout_rooms, cheibriados_altar_1
D:5:      layout_loops_ring, okawaru_metal_pillars_3, first_ration,
          wad_floor_pattern_untrapped, kennysheep_cross_room, kennysheep_donut,
          st_stairs_6
D:6:      layout_basic
D:7:      layout_gridville, grunt_temple_overflow_opulence, temple_doors_e,
          basic_altar, grunt_ogre_cave, uniq_menkaure
D:8:      layout_rooms, demons_altar
D:9:      layout_roguey, lair_entry_dummy, kennysheep_kite_vault
D:10:     layout_basic, orc_0_dummy, serial_curves, eino_curves_01,
          eino_curves_03, lemuel_blue_sif_altar
D:11:     layout_loops_ring, portal_ice_cave_entry_pillars_1, minivault_1
D:12:     kennysheep_room_grid, layout_grid_maze, serial_shops, shop,
          einodemon_armed_red_devil_minivault, uniq_psyche
D:13:     layout_loops_cross, chequers_serial_rivers_micro_e,
          minmay_diced_spiral
D:14:     layout_basic, hangedman_vaults_entry_quadrant_bands, serial_glass,
          glass_columns_a, glass_columns_a
D:15:     grunt_enter_depths_hoard, layout_irregular_city, serial_shops,
          shop_fountains, amethyst_killhole, lemuel_nasty_fountain
Temple:   nicolae_temple_figure_eight
Lair:1:   layout_layer_cave
Lair:2:   layout_long_grid, st_stairs_3, minivault_24
Lair:3:   layout_roguey, basic_altar
Lair:4:   layout_cave_shapes, minmay_swamp_entry_swarm,
          minmay_snake_entry_guardpost_large, st_stairs_3, serial_bayou_pond_e,
          lemuel_fruit_tree, lemuel_fruit_fields
Lair:5:   layout_small_grid, chequers_serial_rivers_micro_e, st_stairs_11,
          kennysheep_snail_temple, minmay_lair_oklob_chamber
Lair:6:   wormcave, layout_cave_shapes, hangedman_lair_in_review, slime_dummy,
          special_room [special_room_bee], ldierk_geyser, uniq_nessos,
          uniq_snorg, uniq_kirke
Swamp:1:  layout_basic_swamp, gammafunk_ghost_arena, evilmike_swamp_ruin_house_4
Swamp:2:  layout_falls_marsh, evilmike_swamp_ruin_house_2, uniq_louise,
          uniq_donald
Swamp:3:  layout_basic_swamp, serial_swamp_ruin, hangedman_swamp_ruin_wall,
          evilmike_swamp_ruin_house_5, evilmike_swamp_ruin_house_3, uniq_mara,
          uniq_roxanne
Orc:1:    layout_caves, basic_altar, serial_shops, nicolae_shop_stone, shop,
          nicolae_shop_overgrown_old_shop, nicolae_shop_trees,
          nicolae_shop_temple_entry_statues_fountains
Orc:2:    st_orc_town, layout_diamond_mine, basic_altar

Skill      XL: |  1  2  3  4  5  6  7  8  9 10 11 12 13 14 15 16 |
---------------+-------------------------------------------------+-----
Long Blades    | 4 5 6 8 10 11 12 14 15 16 18 19 | 19.3
Armour         | 1 2 3 4 5 6 7 9 11 12 13 14 15 | 15.2
Fighting       | 3 4 5 7 8 9 10 11 13 14 15 | 15.0
Dodging        | 4 5 |  5.6
Unarmed Combat | 1 3 5 7 9 10 11 12 | 12.2
Short Blades   | 1 3 |  3.0
Invocations    | 1 2 3 |  3.7
Shields        | 4 10 13 | 13.2
Ice Magic      | 1 5 7 |  7.3
Throwing       | |  2.1
Evocations     | |  0.8

Action                   |  1- 3 |  4- 6 |  7- 9 | 10-12 | 13-15 | 16-18 || total
-------------------------+-------+-------+-------+-------+-------+-------++-------
Melee: Long sword        |    73 |    73 |   270 |    65 |   157 |       ||   638
       Headbutt          |    16 |    18 |    55 |   113 |   313 |    72 ||   587
       Kick              |       |       |    51 |   213 |   459 |   126 ||   849
       Punch             |       |       |     2 |     3 |     4 |       ||     9
       Great sword       |       |       |       |   292 |   348 |       ||   640
       Short sword       |       |       |       |    18 |       |       ||    18
       Rapier            |       |       |       |     5 |    46 |       ||    51
       Double sword      |       |       |       |       |   434 |   341 ||   775
Throw: Dart              |       |     2 |     6 |       |     1 |     7 ||    16
 Cast: Freeze            |       |       |       |       |     3 |     1 ||     4
Invok: Upheaval          |       |       |       |     3 |    14 |     5 ||    22
       Elemental Force   |       |       |       |       |     4 |     1 ||     5
Evoke: Wand              |       |       |       |     5 |     1 |       ||     6
  Use: Scroll            |     5 |     4 |     5 |    11 |    11 |    13 ||    49
       Potion            |     3 |       |     5 |     6 |     9 |     9 ||    32
 Stab: Paralysed         |       |       |       |     2 |       |       ||     2
       Petrified         |       |       |       |     2 |       |       ||     2
       Confused          |       |       |       |       |       |     1 ||     1
  Eat: Chunk             |     2 |     2 |     8 |     9 |    15 |     3 ||    39
       Ration            |       |     1 |     1 |     3 |     8 |     2 ||    15
Armor: Leather armour    |     8 |    27 |       |       |       |       ||    35
       Chain mail        |    33 |       |       |       |       |       ||    33
       Plate armour      |       |       |   171 |   244 |   257 |       ||   672
       Scale mail        |       |       |       |       |    48 |       ||    48
       Fire dragon scale |       |       |       |       |   147 |    95 ||   242
Dodge: Dodged            |    41 |    72 |   135 |   226 |   432 |    83 ||   989
       Repelled          |       |       |       |       |    36 |     6 ||    42
Block: Other             |       |       |     1 |    47 |    82 |       ||   130
       Buckler           |       |       |       |       |   313 |    25 ||   338
       Kite shield       |       |       |       |       |       |   280 ||   280
       Rpst.: Long sword |    10 |    21 |    30 |    11 |    17 |       ||    89
       Great sword       |       |       |       |    50 |    53 |       ||   103
       Double sword      |       |       |       |       |    31 |    16 ||    47

Table legend:
 A = Non-vault XP
 B = Vault XP
 C = Vault XP percentage of total XP
 D = Non-vault monster count
 E = Vault monster count
 F = Vault count percentage of total count
                 A         B        C        D         E       F
            +---------+---------+-------+---------+---------+-------
      Total |  140261 |   69187 |  33.0 |     644 |     267 |  29.3
            +---------+---------+-------+---------+---------+-------
        D:1 |      45 |       0 |   0.0 |      18 |       0 |   0.0
        D:2 |      67 |       0 |   0.0 |      26 |       0 |   0.0
        D:3 |     128 |       0 |   0.0 |      22 |       0 |   0.0
        D:4 |     801 |       0 |   0.0 |      17 |       0 |   0.0
        D:5 |     591 |       0 |   0.0 |      23 |       0 |   0.0
        D:6 |     832 |       0 |   0.0 |      18 |       0 |   0.0
        D:7 |     628 |     304 |  32.6 |      20 |       2 |   9.1
        D:8 |    1522 |     121 |   7.4 |      12 |       3 |  20.0
        D:9 |    1428 |    1172 |  45.1 |      32 |      12 |  27.3
       D:10 |    3099 |       0 |   0.0 |      13 |       0 |   0.0
       D:11 |    4073 |       0 |   0.0 |      23 |       0 |   0.0
       D:12 |    8444 |    4056 |  32.4 |      31 |      17 |  35.4
       D:13 |   12214 |    1253 |   9.3 |      48 |       4 |   7.7
       D:14 |    8325 |    4319 |  34.2 |      22 |      19 |  46.3
       D:15 |    8080 |    2049 |  20.2 |      15 |       2 |  11.8
     Lair:1 |    4211 |       0 |   0.0 |      21 |       0 |   0.0
     Lair:2 |    7319 |    1386 |  15.9 |      30 |       3 |   9.1
     Lair:3 |   11114 |       0 |   0.0 |      29 |       0 |   0.0
     Lair:4 |    8513 |    1789 |  17.4 |      27 |      10 |  27.0
     Lair:5 |    4538 |    5240 |  53.6 |      11 |      15 |  57.7
     Lair:6 |    8629 |   23295 |  73.0 |      23 |      60 |  72.3
    Swamp:1 |   14641 |    5174 |  26.1 |      42 |       7 |  14.3
    Swamp:2 |   23384 |    3831 |  14.1 |      44 |       2 |   4.3
    Swamp:3 |    2974 |       0 |   0.0 |       8 |       0 |   0.0
      Orc:1 |    2612 |       0 |   0.0 |      29 |       0 |   0.0
      Orc:2 |    2049 |    8903 |  81.3 |      40 |      57 |  58.8
      IceCv |       0 |    6295 | 100.0 |       0 |      54 | 100.0
            +---------+---------+-------+---------+---------+-------
